Unix xNetHack Version 8.0.0 - last build Oct 25 2023 09:34:24 (377cadcb0cddd23835977b77f88704ab461fff9e). Game began 2023-06-30 09:22:01, ended 2023-12-06 15:46:22. Moult, neutral male gnomish Healer Q & & .... & & .iL... && ..... & i & ...&.. w&P...%....< ...... && ..... .... Moult the Green Slime St:18 Dx:18 Co:18 In:15 Wi:18 Ch:11 Neutral S:1303690 Dlvl:37 $:0 HP:0(30) Pw:155(155) AC:-3 HD:6 T:78580 Satiated Overtaxed Blind Latest messages: The purple worm digests you! You are turning into a green slime. The ice-cold blade freezes the purple worm! The purple worm digests you! The ice-cold blade freezes the purple worm! What do you want to wear? [a or ?*] g Which ring-finger, Right or Left? r g - an uncursed ring of slow digestion (on right hand) {3}. You get regurgitated! Obviously the purple worm thinks you would give it indigestion. You try to feel what is lying here on the floor. You feel here a crossbow. You have become a green slime. You break out of your armor! Your cloak tears apart! You sure are noisy. You drop your gloves and weapon! You can barely move a handspan with this load! Your hat falls to the floor! Your boots are pushed off your feet! You feel yourself slow down. Your towel falls off! You still cannot see. Use the command #monster to hide. But wait... Your mind is intact. You still remember your quest. The horned devil misses! The horned devil claws you! The horned devil just misses! The horned devil stings! The horned devil pierces you! The horned devil claws you! The horned devil bites! The horned devil stings! The horned devil pierces you! The horned devil just misses! The horned devil bites! The horned devil stings! The horned devil misses! The horned devil claws you! The horned devil bites! The horned devil stings! The horned devil hits you! You die... Do you want your possessions identified? y Do you want to see your attributes? y Do you want an account of creatures vanquished? y Do you want a list of extinct species? y Do you want to see your conduct and achievements? y Do you want to see the dungeon overview? y Inventory: Inventory: 675/262 weight (41/52 slots) Amulets y - an uncursed iron amulet of reflection (being worn) {22} Weapons C - 2 cursed +0 gold crossbow bolts {2} Z - 20 blessed rustproof +6 knives named Knife of Fury (at the ready) {100} u - a blessed rustproof +5 knife named Knife of Fury {5} n - a blessed +2 knife {5} k - a blessed +0 silver knife {5} m - a rustproof +0 knife {5} G - a +2 knife {5} N - a +0 knife {5} S - a -2 knife {5} r - 2 +0 mithril knives {6} W - a +0 silver knife {5} Armor a - a blessed +6 mithril elven shield {66} Rings j - an uncursed ring of conflict {3} d - an uncursed ring of free action {3} F - an uncursed ring of levitation {3} R - an uncursed ring of polymorph {3} g - an uncursed ring of slow digestion (on right grasp) {3} Wands K - a wand of digging (0:8) {7} z - a wand of digging (0:7) {7} L - a wand of digging (0:7) {7} x - a wand of digging (0:6) {7} o - a wand of digging (0:4) {7} e - a wand of digging (0:1) {7} P - a wand of fire (0:4) {7} J - a wand of lightning (0:6) {7} O - a wand of lightning (0:5) {7} H - a wand of lightning (0:4) {7} D - a wand of lightning (0:3) {7} Y - a cursed wand of striking (0:6) {7} f - a cursed wand of striking (0:5) {7} l - a cursed wand of striking named 2 (0:0) {7} i - a wand of teleportation (0:5) {7} Tools b - a blessed bag of holding containing 70 items {230} B - a drum of earthquake (0:4) {25} X - an uncursed wooden tooled horn {21} A - an uncursed skeleton key {3} s - an uncursed stethoscope named 74982 9p pois sleep tp cold fire disint {4} M - an uncursed gold stethoscope {6} h - a blessed +0 unicorn horn {20} Gems/Stones U - a blessed luckstone {10} Contents of the bag of holding: an uncursed copper amulet of life saving an uncursed copper amulet of magical breathing an uncursed amulet of reflection a rusty +9 flail named Butcher the blessed +0 Staff of Aesculapius an uncursed -3 pair of plastic levitation boots an uncursed +0 pair of cloth water walking boots an uncursed +0 cloak of displacement an uncursed +0 cloak of invisibility a blessed +1 oilskin cloak an uncursed carrot an uncursed eucalyptus leaf an uncursed food ration 16 uncursed kelp fronds 2 uncursed lembas wafers 5 uncursed lumps of royal jelly 3 uncursed lizard corpses an uncursed lizard corpse 2 uncursed scrolls of create monster a cursed scroll of create monster 6 uncursed scrolls of teleportation a cursed scroll of teleportation an uncursed potion of acid 2 uncursed potions of full healing an uncursed potion of healing an uncursed potion of monster detection 2 uncursed potions of object detection a cursed potion of paralysis an uncursed potion of sickness 3 potions of holy water an uncursed ring of free action an uncursed ring of invisibility an uncursed ring of invisibility an uncursed ring of polymorph an uncursed ring of polymorph control an uncursed ring of searching an uncursed ring of slow digestion a wand of cold (0:1) a wand of create monster (0:13) a wand of create monster (0:11) a wand of digging (0:7) a wand of digging (0:5) a wand of digging (0:5) a wand of digging (0:5) a wand of digging (0:5) a wand of digging (0:4) a wand of digging (0:4) a wand of digging (0:4) a wand of digging (0:4) a wand of digging (0:3) a wand of fire (0:3) a wand of fire (0:2) a wand of light (0:14) a wand of lightning (0:7) a wand of lightning (0:5) a wand of magic missile (0:3) a wand of make invisible (0:5) a wand of make invisible (0:4) a wand of sleep (0:8) a wand of sleep (0:7) a wand of sleep (0:5) a wand of sleep named 2 (0:4) a wand of sleep (0:4) a wand of speed monster (0:6) a wand of striking (0:3) a wand of striking (0:2) a wand of striking named 1 (0:1) a wand of wishing (0:1) an uncursed bugle a +0 wooden pick-axe named 2 Moult the Healer's attributes: Background: You were in green slime form. You were actually a Herbalist, a level 21 male gnomish Healer. You were neutral, on a mission for Hermes who was opposed by Athena (lawful) and Poseidon (chaotic). You were heterosexual. You were in the Abyss, on level 37. You entered the dungeon 78580 turns ago. Your score was 1303690 before end-of-game adjustments. Basics: You had 0 out of 30 hit points. You had all 155 energy points (spell power). You had 6 hit dice. Your armor class was -3. Your wallet was empty. Autopickup was on for '_' plus thrown, with exceptions. Final Characteristics: Your strength was 18. Your dexterity was 18. Your constitution was 18. Your intelligence was 15. Your wisdom was 18. Your charisma was 11. Final Status: You were transformed. You were innately blind. You were satiated. You were overtaxed; movement was extremely slowed. You were not wielding anything. You were unskilled in bare handed combat and could have enhanced that. You were not wearing any armor. Final Attributes: You were piously aligned. You were fire resistant. You were cold resistant. You were sleep resistant. You were disintegration resistant. You were shock resistant. You were poison resistant. You were acid resistant. You were petrification resistant. You were telepathic. You were warned. You could cling to the ceiling. You could survive without air. You had slower digestion. You had a moderate defense bonus (+9). You were warded. You were polymorphed into a green slime. You could not change from your current form. You had reflection. You were extremely lucky. You had extra luck. Good luck did not time out for you. You are dead (2nd time!). Miscellaneous: You never encountered a bones level. Total elapsed playing time was 1 day, 9 hours, 1 minute and 4 seconds. Major events: Turn 1: Moult the neutral male gnomish Healer entered the dungeon 535: entered the Gnomish Mines 601: attained the rank of Empiric (level 3) 888: reached Mine Town 2411: attained the rank of Embalmer (level 6) 5591: entered Sokoban 6741: completed 1st Sokoban level 7463: completed 2nd Sokoban level 18253: completed 3rd Sokoban level 19240: completed 4th Sokoban level 19510: acquired the Sokoban amulet of reflection 21033: attained the rank of Dresser (level 10) 21093: was bestowed with Giantslayer by Hermes 38537: was bestowed with Frost Brand by Hermes 54427: attained the rank of Medicus ossium (level 14) 58687: found Sunsword carried by a monster 58807: killed Medusa 61574: attained the rank of Herbalist (level 18) 62448: entered Gehennom 64279: made his first wish - "uncursed magic marker", got "a magic marker" 65128: killed Croesus 67094: found the Staff of Aesculapius on the floor 67108: killed the Cyclops 67111: acquired the Bell of Opening 69391: killed Cerberus 72228: destroyed Vlad the Impaler 72229: acquired the Candelabrum of Invocation 72822: killed Juiblex 73288: killed Baalzebub 74267: wished for "uncursed magic marker", got "a magic marker" 76612: killed Yeenoghu 77048: killed Geryon 78109: killed the invisible Dispater 78121: killed Juiblex (for the 2nd time) 78258: killed Juiblex (for the 3rd time) 78265: killed Juiblex (for the 5th time) 78579: became permanently corrupted into a green slime 78580: killed by a horned devil Vanquished creatures: Baalzebub Dispater Geryon Yeenoghu Juiblex (5 times) Vlad the Impaler an arch-lich 2 mastodons Medusa Croesus a kraken 7 iron golems the Cyclops 2 master liches 2 storm giants a glass golem Cerberus 3 purple worms a phoenix 6 gray dragons 6 gold dragons 5 silver dragons 3 red dragons 3 white dragons 6 orange dragons 9 black dragons 4 blue dragons 7 green dragons 3 yellow dragons 9 minotaurs 2 jabberwocks 6 baluchitheria an Angel 2 demiliches a stone golem 2 Olog-hai a master mind flayer 3 Nazgul 9 pit fiends 8 sandestins 6 hell hounds 3 displacer beasts 2 titanotheres 3 trappers 3 guardian nagas 6 disenchanters 4 genetic engineers 23 vampire leaders 18 shades 43 skeletons 2 aligned clerics 6 captains 7 liches a clay golem a nurse 16 ice devils 11 nalfeshnees a mumak 3 Aleaxes a frost giant 4 ettins a golden naga 4 black puddings 24 vampires 12 lieutenants 2 queen bees 2 winged gargoyles 5 giant mimics 2 orc-captains a long worm 7 zruties 3 fire giants an ogre tyrant 2 elven monarchs 7 ice trolls 6 rock trolls an umber hulk a mind flayer a flesh golem 12 hezrous 14 bone devils a wumpus a fire vortex a couatl 6 stalkers 2 air elementals 9 fire elementals 3 earth elementals 2 water elementals 4 hill giants 5 giant mummies 2 black nagas 4 elf-nobles 6 xorns 9 giant zombies 14 sergeants 2 water demons 21 barbed devils 26 vrocks 3 salamanders 18 wargs a winter wolf 4 hell hound pups 6 small mimics 3 glass piercers 4 warhorses a steam vortex 8 xans 2 ettin mummies 4 ogre leaders 9 trolls a quantum mechanic 3 sasquatches a wood golem 3 erinyes 3 mariliths 8 sharks 7 electric eels 2 gelatinous cubes 5 pyrolisks 3 large dogs a freezing sphere a flaming sphere 4 shocking spheres 4 tigers 7 gargoyles 11 tengu 4 ochre jellies 10 leocrottas 2 energy vortices 4 mountain centaurs 6 stone giants an elf mummy a human mummy a red naga 5 green slimes 6 Grey-elves 4 pythons a pit viper 2 cobras 42 wraiths 5 carnivorous apes 14 ettin zombies 2 leather golems 120 soldiers 11 amorous demons 22 horned devils 13 chameleons 3 crocodiles 7 giant beetles 3 quivering blobs 11 cockatrices 9 wolves 8 winter wolf cubs a lynx 2 panthers 39 gremlins 2 spotted jellies 34 leprechauns 2 mountain nymphs 4 iron piercers 28 giant spiders 5 scorpions 2 horses 5 ice vortices 5 black lights 5 vampire bats 4 orc mummies 2 dwarf mummies 6 ogres 7 brown puddings 10 Green-elves 3 rust monsters 9 owlbears 5 yetis 3 gold golems a werewolf 10 piranha 42 giant eels 10 lizards 4 chickatrices 2 dingoes 3 housecats 8 jaguars 2 blue jellies 7 water nymphs 7 white unicorns 2 black unicorns 7 dust vortices 38 ravens 2 plains centaurs 2 gnome mummies 7 Woodland-elves 23 snakes 45 ghosts 4 apes 16 human zombies 2 rope golems 18 soldier ants 7 fire ants 11 imps 13 lemures 17 quasits 8 wood nymphs 14 bugbears 5 Mordor orcs 10 Uruk-hai 5 orc shamans 10 rock piercers 12 rock moles 2 ponies 10 fog clouds 10 yellow lights 10 shriekers 8 violet fungi a black mold 5 gnome leaders 3 gnomish wizards 2 kobold mummies 6 gray oozes 4 barrow wights 15 elf zombies 29 ghouls 2 straw golems 5 paper golems 6 jellyfish 5 giant ants 2 little dogs 5 floating eyes 2 kittens 2 dwarves 13 homunculi 8 kobold leaders 6 kobold shamans 33 hill orcs 16 rothes 35 rabid rats 2 centipedes 6 giant bats a monkey 35 orc zombies 23 dwarf zombies a wererat a werejackal 12 iguanas 25 killer bees 52 giant flies 4 acid blobs 3 coyotes 2 gas spores 9 hobbits 5 manes 4 large kobolds 6 hobgoblins 34 giant rats 8 cave spiders 3 brown molds 12 yellow molds a green mold 4 red molds 18 garter snakes 23 gnome zombies 15 geckos 9 jackals 7 foxes a kobold 15 goblins 6 sewer rats 12 grid bugs 20 lichens 18 kobold zombies 13 newts 2176 creatures vanquished. Extinct species: soldiers (extinct) 1 species extinct. Voluntary challenges: You read items or engraved 162 times. You never genocided any monsters. You polymorphed 18 items. You used 2 wishes. You did not wish for any artifacts. You were celibate. You did not violate any of the special Sokoban rules. Achievements: You entered the Gnomish Mines. You attained the rank of Empiric. You entered Minetown. You entered a shop. You entered a temple. You attained the rank of Embalmer. You entered Sokoban. You completed Sokoban. You attained the rank of Dresser. You attained the rank of Medicus ossium. You defeated Medusa. You attained the rank of Herbalist. You entered Gehennom. You handled the Bell of Opening. You handled the Candelabrum of Invocation. Dungeon overview: The Dungeons of Doom: levels 1 to 28 Level 1: A fountain, a tree. Level 2: A fountain. Stairs down to The Gnomish Mines. Level 3: "stash" A tree. Level 4: Level 5: An altar to Hermes, a fountain. Level 6: A fountain. Level 7: Many fountains. Oracle of Delphi. Level 8: Some sinks, a grave. Stairs up to Sokoban, level 7. Level 9: Level 10: A fountain. Level 11: Level 12: "stash in box" A potion shop, a fountain. Portal to Fort Ludios. Level 13: A potion shop, a fountain, a tree. Portal to The Quest. Level 14: Many graves. Level 15: A scroll shop, some fountains. Level 16: Level 17: Level 18: Many trees. Level 19: Level 20: A temple. Level 21: An altar, a fountain. Level 22: Level 23: A temple. Level 24: "vault" Level 25: Many trees. Level 26: "medusa" A fountain, many trees. Level 27: Level 28: A fountain. The castle. Connection to Gehennom. Gehennom: levels 29 to 37 Level 29: A temple, many graves. Valley of the Dead. Level 30: Stairs up to Vlad's Tower, level 29. Level 31: Stairs down to Cocytus. Level 32: Stairs down to Asphodel. Level 33: Many trees. Stairs down to Shedaklah. Level 34: A temple, many graves. Stairs up to The Citadel of Dis, level 33. Level 35: Stairs down to The Abyss. Level 36: Level 37: The Gnomish Mines: levels 3 to 7 Level 3: Level 4: Level 5: Level 6: Many shops, a temple, some fountains. Level 7: The Quest: levels 1 to 6 Level 1: An altar to Hermes. Completed quest for Hippocrates. Level 2: Level 3: A temple. Level 4: Level 5: Level 6: Sokoban: levels 7 up to 4 Level 4: Solved. Level 5: Solved. Level 6: Solved. Level 7: Solved. Fort Ludios: Level 1: Fort Ludios. Vlad's Tower: levels 29 up to 26 Level 26: Level 27: Level 28: Level 29: Cocytus: levels 32 to 33 Level 32: Level 33: Asphodel: Level 33: "insects everywhere!" Shedaklah: levels 34 to 35 Level 34: Some fountains. Level 35: The Citadel of Dis: Level 33: The Abyss: levels 36 to 37 Level 36: Level 37: <- You were here. Final resting place for you, killed by a horned devil. Game over: __________ / \ / REST \ / IN \ / PEACE \ / \ | Moult | | 0 Au | | killed by a | | horned devil | | | | | | 2023 | *| * * * | * _________)/\\_//(\/(/\)/\//\/|_)_______ Goodbye Moult the Healer... You died in The Abyss on dungeon level 37 with 1303690 points, and 0 pieces of gold, after 78580 moves. You were level 21 with a maximum of 336 hit points when you died.